Map: Ever Dream LE

Players

Nina - Winner!

  • Race: Protoss Protoss
  • League: Grandmaster
  • Spawn Location: 7:00

Future

  • Race: Terran Terran
  • Spawn Location: 1:00

Event: The Miserable Cup

VOD

https://youtu.be/gMagaZpJx3s

Description

Time

  • Played on: June 20, 2020, 10:38 a.m.
  • Length: 13:59

All games in this series

Show
View Real Time Build Order
Export as new Build Order

Nina Protoss - Winner!

Build Orders: Colossus Rush 

Get SALT Encoding   

  12  0:00  Probe  
  13  0:13  Probe  
  14  0:17  Pylon  
  14  0:25  Probe  
  15  0:33  Probe  
  15  0:39  Gateway  
  15  0:42  Probe  
  16  0:43  Assimilator  
  17  0:53  Probe  
  18  1:05  Probe  
  19  1:17  Probe  
  20  1:28  Cybernetics Core  
  20  1:33  Zealot  
  20  1:34  Probe  
  20  1:35  Pylon  
  23  1:43  Assimilator  
  23  1:53  Probe  
  24  1:55  Adept  
  24  2:04  Probe  
  24  2:07  Warp Gate  
  26  2:12  Probe  
  26  2:20  Probe  
  26  2:21  Robotics Facility  
  30  2:32  Probe  
  31  2:40  Pylon  
  29  2:44  Probe  
  29  2:47  Nexus  
  30  2:56  Probe  
  30  2:58  Stalker  
  33  3:08  Probe  
  33  3:09  Observer  
  33  3:12  Robotics Bay  
  35  3:20  Probe  
  35  3:22  Warp Prism  
  36  3:28  Pylon  
  36  3:33  Probe  
  39  3:43  Gateway  
  39  3:50  Probe  
  39  3:51  Colossus  
  46  4:04  Gravitic Drive  
  46  4:05  Probe  
  46  4:08  Probe  
  48  4:17  Probe  
  48  4:20  Probe, Shield Battery  
  50  4:26  Stalker  
  50  4:30  Probe  
  53  4:33  Probe  
  54  4:43  Assimilator, Probe  
  54  4:45  Probe  
  56  4:46  Gateway  
  56  4:57  Observer  
  53  5:00  Stalker x2  
  53  5:02  Probe x2  
  59  5:13  Pylon  
  59  5:14  Probe x2  
  61  5:26  Probe  
  62  5:31  Probe  
  62  5:34  Colossus  
  69  5:38  Probe  
  69  5:39  Observer  
  65  5:43  Probe  
  66  5:50  Probe  
  66  5:52  Extended Thermal Lance  
  66  5:54  Nexus  
  67  5:58  Pylon  
  67  6:03  Probe  
  68  6:06  Sentry  
  68  6:09  Pylon  
  70  6:12  Twilight Council  
  70  6:16  Probe x2  
  72  6:23  Sentry  
  74  6:28  Observer, Probe  
  74  6:30  Zealot x2  
  79  6:35  Shield Battery  
  79  6:36  Shield Battery  
  79  6:38  Disruptor  
  82  6:46  Gateway  
  82  6:48  Gateway  
  82  6:50  Probe  
  82  6:52  Zealot  
  85  6:55  Charge  
  85  6:57  Pylon  
  85  7:01  Probe  
  85  7:06  Zealot x2, Probe  
  92  7:14  Probe x2, Gateway  
  93  7:18  Probe  
  93  7:19  Disruptor  
  97  7:26  Probe  
  98  7:32  Zealot x3  
  98  7:35  Probe  
  82  7:51  Probe  
  82  7:54  Stalker x5  
  82  7:58  Probe x2  
  94  7:59  Disruptor  
  94  8:02  Assimilator  
  94  8:03  Probe  
  98  8:06  Assimilator  
  98  8:10  Probe x2  
  98  8:11  Zealot  
  102  8:15  Probe  
  102  8:16  Forge  
  102  8:17  Pylon  
  102  8:19  Pylon  
  103  8:21  Zealot  
  103  8:23  Zealot  
  107  8:28  Probe  
  107  8:32  Disruptor  
  108  8:38  Protoss Ground Weapons Level 1, Zealot x2  
  108  8:39  Zealot x2  
  119  8:43  Probe  
  119  8:47  Pylon  
  121  8:48  Pylon  
  121  8:50  Pylon  
  121  8:51  Blink  
  120  8:56  Gateway  
  120  8:58  Pylon  
  120  9:01  Disruptor  
  123  9:13  Templar Archives  
  123  9:16  Photon Cannon  
  123  9:17  Zealot x3  
  123  9:19  Probe  
  123  9:21  Photon Cannon  
  130  9:24  Pylon  
  130  9:32  Forge  
  130  9:37  Stalker x2  
  126  9:47  Zealot x4  
  134  10:02  Zealot x3  
  108  10:25  Zealot x4  
  108  10:26  Zealot x3  
  122  10:32  Observer  
  122  10:33  Protoss Ground Armor Level 1  
  121  10:41  Disruptor, Protoss Ground Weapons Level 2  
  116  10:49  Stalker  
  118  10:50  Stalker x6, Robotics Facility  
  106  11:10  Observer  
  106  11:11  Assimilator  
  106  11:15  Zealot x6  
  106  11:16  Zealot  
  106  11:17  Disruptor  
  123  11:25  Nexus  
  123  11:26  Pylon  
  123  11:36  Stalker x4  
  123  11:37  Zealot x2  
  132  11:51  Zealot  
  132  11:53  Disruptor  
  133  12:02  Zealot x6  
  137  12:12  Probe  
  137  12:14  Probe  
  139  12:21  Zealot  
  141  12:25  Zealot x4  
  141  12:28  Disruptor  
  119  12:45  Disruptor  
  119  12:49  Stalker x7  
  136  12:56  Probe  
  137  13:03  Probe  
  137  13:04  Disruptor  
  139  13:20  Disruptor  
  134  13:35  Zealot x7  
  134  13:36  Probe x2  
  134  13:37  Probe  
Show
View Real Time Build Order
Export as new Build Order

Future Terran 

Build Orders:  

Get SALT Encoding   

  12  0:00  SCV  
  13  0:12  SCV  
  14  0:17  Supply Depot  
  14  0:25  SCV  
  15  0:39  SCV  
  15  0:40  Barracks  
  16  0:45  Refinery  
  16  0:51  SCV  
  17  1:03  SCV  
  18  1:06  Engineering Bay  
  18  1:15  SCV  
  19  1:28  Orbital Command  
  19  1:30  Reaper  
  20  1:39  Supply Depot  
  20  1:55  SCV  
  21  2:02  Marine  
  21  2:08  Command Center  
  22  2:10  SCV  
  23  2:19  Factory  
  23  2:23  SCV  
  23  2:25  Barracks Reactor  
  24  2:33  Bunker  
  24  2:35  SCV  
  24  2:43  Refinery  
  24  2:47  SCV  
  25  2:59  SCV  
  25  3:03  Marine x2  
  25  3:04  Hellion  
  25  3:05  Starport  
  30  3:12  SCV  
  31  3:20  Orbital Command  
  31  3:21  Marine x2  
  31  3:24  SCV  
  31  3:25  Widow Mine  
  36  3:36  SCV  
  36  3:38  Marine  
  36  3:39  Marine, Supply Depot  
  39  3:42  Medivac  
  39  3:46  SCV, Widow Mine  
  44  3:49  SCV  
  45  3:58  SCV  
  45  4:01  SCV  
  47  4:04  Barracks x2  
  47  4:08  Marine x2  
  47  4:09  Factory Tech Lab  
  49  4:13  SCV x2  
  51  4:17  Starport Tech Lab  
  51  4:20  Engineering Bay  
  51  4:22  Supply Depot  
  51  4:25  SCV  
  51  4:26  SCV  
  51  4:29  Marine  
  54  4:40  Marine  
  54  4:41  SCV  
  54  4:44  SCV, Siege Tank  
  58  4:49  Missile Turret  
  58  4:52  Marine x2  
  60  4:53  Missile Turret, SCV  
  60  4:56  SCV  
  62  5:05  Terran Infantry Weapons Level 1  
  62  5:06  Viking  
  62  5:07  SCV, Supply Depot  
  65  5:09  SCV  
  65  5:10  Stimpack  
  66  5:19  SCV  
  66  5:21  SCV  
  67  5:27  Marine x2, Combat Shield  
  67  5:28  Marauder x2  
  69  5:31  SCV  
  69  5:35  Refinery  
  68  5:37  SCV  
  65  5:43  Starport Reactor  
  65  5:46  Factory Tech Lab, Supply Depot  
  65  5:47  Supply Depot  
  65  5:49  Marauder  
  67  5:50  Marine x2, Marauder  
  67  5:55  Refinery  
  71  6:06  Siege Tank  
  71  6:07  Barracks  
  71  6:08  Barracks  
  74  6:16  Marine x3, Supply Depot  
  74  6:17  Marine  
  78  6:25  Medivac  
  80  6:29  Medivac, Supply Depot  
  80  6:32  SCV x2  
  84  6:34  Marine x4  
  88  6:40  Siege Tank  
  88  6:44  Supply Depot  
  91  6:47  SCV x2  
  91  6:50  Command Center  
  91  6:54  Marine x2, Marauder x2  
  97  6:57  Barracks Reactor, Barracks Tech Lab  
  99  7:10  SCV x2  
  99  7:14  Terran Infantry Armor Level 1  
  99  7:15  Marauder x2  
  105  7:20  Marine x2, Marauder  
  105  7:22  SCV  
  110  7:23  SCV  
  110  7:27  Supply Depot  
  111  7:35  SCV x2  
  111  7:36  Marauder  
  111  7:37  Marauder  
  101  7:46  Marauder  
  101  7:49  SCV x2  
  99  7:57  Siege Tank  
  99  7:58  Marauder  
  99  7:59  Marine x3, Marauder  
  99  8:00  Marine  
  99  8:01  SCV x2  
  99  8:04  Ghost Academy  
  109  8:06  Viking  
  109  8:07  Marauder  
  109  8:08  Viking  
  113  8:13  SCV x2  
  113  8:15  Orbital Command  
  113  8:18  Marine x3  
  113  8:19  Marine  
  119  8:23  Marauder  
  121  8:28  Marauder  
  121  8:29  Marauder  
  121  8:32  Siege Tank  
  122  8:44  Ghost  
  127  8:48  Ghost  
  127  8:50  Ghost  
  127  8:53  Marine  
  127  8:54  Marine x3  
  132  8:59  Supply Depot x2  
  132  9:03  Enhanced Shockwaves  
  127  9:11  Marine x2  
  127  9:13  Marauder  
  127  9:15  SCV x2  
  127  9:16  Refinery, SCV  
  127  9:17  Refinery  
  134  9:18  Marauder  
  134  9:19  Marine x2, Marauder, Supply Depot  
  140  9:26  Siege Tank  
  140  9:30  SCV  
  144  9:37  Marine x2  
  146  9:38  Marine  
  128  9:46  Marauder  
  128  9:47  Marine  
  128  9:48  Marine x2  
  128  9:49  Viking x2  
  137  9:59  SCV x2  
  139  10:00  Marine, Barracks  
  139  10:01  Barracks x2  
  139  10:06  Marauder x2, Siege Tank  
  147  10:09  SCV  
  147  10:11  SCV  
  134  10:22  Marauder  
  134  10:23  Marine  
  134  10:24  Viking x2  
  139  10:38  Siege Tank  
  132  10:45  Marauder x2  
  132  10:46  Marine x3, Marauder  
  132  10:47  Marine, Barracks Tech Lab x2  
  132  10:48  Barracks Tech Lab  
  142  10:56  Command Center  
  134  11:06  Viking x2  
  134  11:07  Marauder x2  
  134  11:10  Siege Tank  
  145  11:13  Missile Turret  
  145  11:16  Marauder x2  
  153  11:18  Marauder x2  
  153  11:20  Marine  
  153  11:21  Marine  
  153  11:22  Marine  
  153  11:24  Marine  
  157  11:27  Supply Depot  
  157  11:37  Marauder  
  157  11:38  Marauder  
  157  11:39  Marauder  
  162  11:42  Siege Tank  
  147  11:51  Marauder x2  
  147  11:52  Marauder  
  146  12:12  Marauder x3  
  146  12:13  Medivac x2, Marauder  
  146  12:14  Siege Tank  
  146  12:15  Marine x3  
  163  12:16  Marine  
  163  12:19  Marauder  
  163  12:21  Marauder  
  167  12:33  Marauder x2  
  121  12:43  Marauder x3  
  104  12:45  Marauder  
  104  12:46  Marine x2, Siege Tank  
  104  12:47  Marine  
  112  12:55  Marauder  
  112  12:56  Marauder  
  112  12:58  Marine  
  115  13:00  Medivac x2  
  115  13:04  Marine, Marauder  
  115  13:21  Marine, Marauder  
  115  13:22  Marine, Marauder  
  115  13:23  Marine  
  117  13:31  Marine, Marauder x2  
  109  13:39  Marine x2  
Tags
 
Add a new tag
Caveats
  • Supply blocks, unpowered buildings, or Contaminate may cause inaccurate times.
  • Supply counts are checked every 10 seconds.